Map: [ESL] Alcyone

Players

Kelazhur - Winner!

  • Race: Terran Terran
  • Spawn Location: 1:00

Nina

  • Race: Protoss Protoss
  • Spawn Location: 7:00

Event: ESL SC2 Masters 2023 Winter (Regional)

VOD

Have the link to the VOD?

Description

Time

  • Played on: Nov. 6, 2023, 8:22 p.m.
  • Length: 7:34

All games in this series

Show
View Real Time Build Order
Export as new Build Order

Kelazhur Terran - Winner!

Build Orders:  

Get SALT Encoding   

  12  0:00  SCV  
  13  0:12  SCV  
  14  0:17  Supply Depot  
  14  0:24  SCV  
  14  0:27  Refinery  
  15  0:38  SCV  
  16  0:45  Barracks  
  16  0:50  SCV  
  17  1:02  SCV  
  18  1:06  Engineering Bay  
  18  1:15  SCV  
  19  1:27  SCV  
  21  1:40  Orbital Command  
  21  1:44  Factory  
  20  1:48  Barracks Reactor  
  20  1:51  Supply Depot  
  20  2:06  SCV  
  21  2:18  Command Center, SCV  
  22  2:31  SCV  
  22  2:35  Hellion x2  
  27  2:40  Starport  
  27  2:45  Supply Depot  
  27  2:48  SCV  
  28  2:55  Refinery  
  28  3:00  SCV  
  29  3:07  Widow Mine x2  
  29  3:12  SCV  
  33  3:14  Barracks Tech Lab  
  33  3:24  SCV  
  34  3:28  Medivac  
  36  3:37  SCV  
  36  3:39  Widow Mine  
  36  3:40  Marine, Widow Mine  
  38  3:41  Orbital Command  
  38  3:45  Bunker  
  38  3:49  SCV  
  39  3:59  Barracks  
  39  4:01  SCV  
  40  4:09  SCV  
  41  4:13  Siege Tank, SCV, Marine x2  
  43  4:28  Viking  
  41  4:53  Marine x2  
  41  4:55  SCV x2  
  45  5:07  SCV x2  
  45  5:09  Siege Tank  
  45  5:13  Marine  
  45  5:14  Marine  
  52  5:15  Barracks Tech Lab  
  52  5:19  SCV x2  
  54  5:31  SCV x2  
  54  5:34  Marine x2  
  54  5:38  Marauder  
  52  5:43  SCV  
  52  5:44  Supply Depot, SCV  
  54  5:50  Supply Depot  
  54  5:58  Supply Depot  
  54  6:06  Marauder, SCV x2, Marine x2  
  54  6:07  Supply Depot  
  54  6:08  Engineering Bay  
  54  6:09  Starport Reactor  
  54  6:10  Refinery  
  60  6:12  Siege Tank  
  60  6:18  SCV x2  
  56  6:30  SCV x2  
  56  6:31  Marine  
  59  6:37  Marine  
  59  6:38  Marauder  
  62  6:42  SCV x2  
  64  6:50  Command Center  
  64  6:54  SCV x2  
  64  6:55  Missile Turret  
  64  6:57  Missile Turret  
  64  7:00  Marine x2  
  68  7:06  SCV x2  
  68  7:07  Marauder  
  75  7:18  SCV x2  
Show
View Real Time Build Order
Export as new Build Order

Nina Protoss 

Build Orders: Oracle Opening 

Get SALT Encoding   

  12  0:01  Probe  
  13  0:13  Probe  
  14  0:19  Pylon  
  14  0:25  Probe  
  15  0:37  Probe (Chrono Boost)  
  15  0:38  Gateway  
  16  0:47  Assimilator  
  16  0:48  Probe (Chrono Boost)  
  17  0:53  Probe (Chrono Boost)  
  18  1:03  Probe  
  19  1:15  Probe  
  20  1:27  Cybernetics Core  
  20  1:32  Probe  
  21  1:41  Assimilator  
  21  1:44  Probe  
  22  1:52  Pylon  
  22  1:58  Probe  
  22  1:59  Nexus  
  23  2:08  Stalker (Chrono Boost)  
  25  2:17  Pylon  
  25  2:19  Warp Gate  
  25  2:21  Probe  
  26  2:31  Stalker  
  28  2:40  Stargate  
  28  2:43  Probe  
  29  2:55  Probe  
  30  3:07  Probe  
  30  3:12  Stalker  
  32  3:14  Probe (Chrono Boost)  
  32  3:16  Shield Battery  
  32  3:19  Probe (Chrono Boost)  
  34  3:22  Oracle (Chrono Boost)  
  37  3:31  Probe (Chrono Boost)  
  37  3:33  Probe (Chrono Boost)  
  32  3:39  Probe  
  34  3:42  Probe  
  35  3:51  Probe  
  35  3:54  Probe  
  37  3:59  Oracle  
  40  4:03  Probe  
  40  4:07  Probe  
  42  4:15  Probe  
  43  4:19  Probe  
  44  4:25  Stalker  
  44  4:28  Probe  
  44  4:31  Probe  
  48  4:37  Oracle  
  51  4:40  Probe  
  51  4:43  Probe  
  53  4:52  Probe  
  53  4:55  Probe  
  53  4:58  Stalker  
  54  5:20  Probe  
  54  5:30  Probe  
  54  5:33  Probe  
  52  5:42  Probe (Chrono Boost)  
  53  5:49  Probe (Chrono Boost)  
  54  5:53  Pylon  
  54  5:55  Pylon  
  54  6:07  Gateway, Twilight Council  
  54  6:10  Probe  
  54  6:11  Probe  
  56  6:12  Pylon  
  56  6:22  Probe  
  56  6:23  Probe  
  58  6:31  Gateway  
  58  6:33  Gateway  
  58  6:35  Probe x2 (Chrono Boost)  
  58  6:36  Forge  
  58  6:37  Forge  
  60  6:43  Nexus  
  60  6:45  Sentry  
  64  6:47  Probe (Chrono Boost)  
  64  6:53  Probe (Chrono Boost)  
  64  6:54  Pylon  
  64  6:55  Probe (Chrono Boost)  
  64  6:59  Probe (Chrono Boost)  
  66  7:01  Gateway, Probe  
  66  7:07  Sentry  
  69  7:10  Pylon  
  69  7:11  Pylon, Probe  
  69  7:13  Probe  
  69  7:14  Gateway  
  71  7:16  Gateway  
  65  7:23  Zealot  
  65  7:28  Stalker  
Tags
 
Add a new tag
Caveats
  • Supply blocks, unpowered buildings, or Contaminate may cause inaccurate times.
  • Supply counts are checked every 10 seconds.